 Dungeon Crawl Stone Soup version 0.30-b1-5-g8e6c1be481 (webtiles) character file.

Game seed: 8255604884424866179

53 Cheops the Ruffian (level 3, -4/31 HPs)
             Began as a Ghoul Monk on May 4, 2023.
             Killed by an exploding giant cockroach (35 damage)
             ... ignited by their inner flame
             ... on level 3 of the Dungeon.
             The game lasted 00:01:38 (1141 turns).

Cheops the Ruffian (Ghoul Monk)                     Turns: 1141, Time: 00:01:38

Health: -4/31      AC:  6    Str: 16    XL:     3   Next: 89%
Magic:  2/2        EV: 12    Int:  5    God:
Gold:   109        SH:  0    Dex: 11    Spells: 2/2 levels left

rFire   . .          .
                       - Unarmed
rCold   + . .        c - orb {light}
rNeg    + + +        a - +0 robe
rPois   ∞            (no helmet)
rElec   .            (no cloak)
rCorr   .            (no gloves)
SInv    .            (no boots)
Will    .....        (no amulet)
Stlth   +            j - +4 ring of protection
HPRegen 0.25/turn    (no ring)
MPRegen 0.08/turn

%: no passive effects
@: glowing
A: claws 1, cold resistance 1, negative energy resistance 3, inhibited
regeneration, torment resistance 2, devour on kill
a: no special abilities


You were on level 3 of the Dungeon.
You visited 1 branch of the dungeon, and saw 3 of its levels.

You collected 109 gold pieces.

Inventory:

Armour
 a - a +0 robe (worn)
 c - an orb of light (worn)
Jewellery
 j - a +4 ring of protection (left claw)
Potions
 b - a potion of ambrosia
 d - a potion of degeneration
 h - a potion of might {unknown}
 k - a potion of resistance {unknown}
 l - 3 potions of attraction {unknown}


   Skills:
 - Level 3.2 Fighting
 + Level 3.2 Dodging
 * Level 4.6 Unarmed Combat


You had 2 spell levels left.
You didn't know any spells.
Your spell library was empty.

Dungeon Overview and Level Annotations

Branches:
Dungeon (3/15)

Altars:
Sif Muna


Innate Abilities, Weirdness & Mutations

You are immune to poison.
You have sharp fingernails.
Your flesh is cold resistant. (rC+)
You are immune to negative energy. (rN+++)
You do not regenerate when monsters are visible.
You are immune to unholy pain and torment.
You thrive by killing the living.


Message History

Your butterfly is engulfed in poison gas.
Your butterfly looks even sicker.
You kill your butterfly!
Your butterfly disappears in a burst of colours!
Your butterfly is engulfed in poison gas.
Your butterfly looks even sicker.
You kill your butterfly!
Your butterfly disappears in a burst of colours!
Your butterfly is engulfed in poison gas.
Your butterfly looks even sicker.
You kill your butterfly!
Your butterfly disappears in a burst of colours!
Your butterfly is engulfed in poison gas.
Your butterfly looks even sicker.
You kill your butterfly!
Your butterfly disappears in a burst of colours!
Your butterfly is poisoned.
Your butterfly is engulfed in poison gas.
Your butterfly is poisoned.
You kill your butterfly!
Your butterfly disappears in a burst of colours!
Your butterfly is engulfed in poison gas.
Your butterfly is poisoned.
You kill your butterfly!
Your butterfly disappears in a burst of colours!
Unknown command.
You kill your butterfly!
Your butterfly disappears in a burst of colours!
Your butterfly is engulfed in poison gas.
Your butterfly is poisoned.
You kill your butterfly!
Your butterfly disappears in a burst of colours!
The giant cockroach attacks as you move away!
The giant cockroach completely misses you.
The giant cockroach bites you but does no damage.
You claw the giant cockroach!
The giant cockroach explodes!
The fiery explosion engulfs you!!
Ouch! That really hurt!
You die...

...# ...#
...# ...# ...
##.# ##..#
####§<.#####
+..@§§.......
####§§.##.##.
#...# # #.#.#
#.#...
#.###.. #.#
..# #.. .#


There were no monsters in sight!

Vanquished Creatures
  A worm (D:2)
  3 dart slugs (D:1)
  3 endoplasms
  4 giant cockroaches
  4 goblins
  5 hobgoblins
  2 jackals (D:1)
  2 quokkas
  5 ball pythons
  A bat (D:1)
  A frilled lizard (D:2)
  7 kobolds
  4 rats
42 creatures vanquished.

Vanquished Creatures (others)
  3 plants (D:1)
3 creatures vanquished.

Grand Total: 45 creatures vanquished

Notes
Turn   | Place    | Note
-------+----------+-------------------------------------------
     0 | D:1      | Cheops the Ghoul Monk began the quest for the Orb.
     0 | D:1      | Reached XP level 1. HP: 19/19 MP: 0/0
    36 | D:1      | Reached XP level 2. HP: 20/26 MP: 1/1
   206 | D:1      | Reached skill level 4 in Unarmed Combat
   244 | D:1      | Reached XP level 3. HP: 31/31 MP: 2/2
  1005 | D:2      | Found a shimmering blue altar of Sif Muna.
  1141 | D:3      | Killed by an exploding giant cockroach... ignited by their
                  | inner flame

Illustrated notes

Levels and vault maps discovered:
D:1:      roderic_crop_circles_arrival_small, layout_basic,
          hangedman_abyss_or_decor_lesser_grid
D:2:      layout_basic, basic_altar
D:3:      layout_loops_corners, gup_sewer_entry_bubbles

Skill      XL: |  1  2 |
---------------+-------+-----
Dodging        | 3 |  3.2
Unarmed Combat | 4 |  4.6
Fighting       | |  3.2

Action                     || total
---------------------------++-------
  Melee: Unarmed           ||    78
    Use: Scroll            ||     5
 Armour: Robe              ||    10
  Dodge: Dodged            ||    33
